 Dungeon Crawl Stone Soup version 0.28.0 (webtiles) character file.

Game seed: 17741354076047763483

34261 wakim the Warrior (level 13, -10/128 HPs)
             Began as a Minotaur Fighter on Feb 9, 2022.
             Was the Champion of Okawaru.
             Mangled by a bog body (13 damage)
             ... on level 2 of the Lair of Beasts.
             The game lasted 00:55:18 (15822 turns).

wakim the Warrior (Minotaur Fighter)               Turns: 15822, Time: 00:55:19

Health: -10/128    AC: 24    Str: 31    XL:     13   Next: 41%
Magic:  19/19      EV: 16    Int:  5    God:    Okawaru [******]
Gold:   1046       SH:  7    Dex: 16    Spells: 12/12 levels left

rFire   + + +      SeeInvis .   b - +3 eveningstar of Xyekkoosi {vorpal, *Noise rF++ Dex+3 Stlth+}
rCold   . . .      Faith    .   O - +2 buckler {rF+}
rNeg    . . .      Spirit   .   k - +7 chain mail of Too Many Cooks {Str+2}
rPois   .          Reflect  .   (helmet restricted)
rElec   .          Harm     .   Q - +2 cloak
rCorr   .          Rampage  .   s - +1 pair of gloves
Will    .....                   (no boots)
Stlth   ..........              V - amulet of the acrobat
HPRegen 0.31/turn               S - +6 ring of strength
MPRegen 0.16/turn               o - ring of the Hare {EV+8}

@: no status effects
A: horns 2, retaliatory headbutt
a: Renounce Religion, Heroism, Finesse, Duel


You were on level 2 of the Lair of Beasts.
You worshipped Okawaru.
Okawaru was exalted by your worship.
You visited 3 branches of the dungeon, and saw 15 of its levels.
You also visited: Gauntlet and Volcano.

You collected 1046 gold pieces.

Inventory:

Hand Weapons
 a - a +2 eveningstar of venom
 b - the +3 eveningstar of Xyekkoosi (weapon) {vorpal, *Noise rF++ Dex+3 Stlth+}
   (Okawaru gifted it to you in a Gauntlet)

   It inflicts extra damage upon your enemies.
   Dex:       It affects your dexterity (+3).
   rF:        It greatly protects you from fire.
   *Noise:    It may make noises in combat.
   Stlth:     It makes you more stealthy.
 P - the +12 great mace of Ipnaxtic {vorpal, Fly rCorr Str-5 Dex+3}
   (Okawaru gifted it to you on level 11 of the Dungeon)

   It inflicts extra damage upon your enemies.
   Str:       It affects your strength (-5).
   Dex:       It affects your dexterity (+3).
   Fly:       It grants you flight.
   rCorr:     It protects you from acid and corrosion.
Missiles
 j - 4 poisoned darts (quivered)
 l - 8 javelins
 n - 11 curare-tipped darts {=f}
 W - 13 boomerangs
Armour
 k - the +7 chain mail of Too Many Cooks (worn) {Str+2}
   (You took it off a minotaur in a Gauntlet)

   Str:       It affects your strength (+2).
 s - a +1 pair of gloves (worn)
 O - a +2 buckler of fire resistance (worn)
 Q - a +2 cloak (worn)
Jewellery
 f - the amulet "Zaucsuar" {Spirit -Tele Rampage rN++ Str-2}
   (You found it on level 12 of the Dungeon)

   [amulet of guardian spirit]

   It causes incoming damage to be divided between your reserves of health and
   magic.
   Str:       It affects your strength (-2).
   rN:        It greatly protects you from negative energy.
   -Tele:     It prevents most forms of teleportation.
   Rampage:   It bestows one free step when moving towards enemies.
 g - the amulet "Utuimnes" {Spirit Fragile Str+5 Int+3 SInv}
   (You found it in a Gauntlet)

   [amulet of guardian spirit]

   It causes incoming damage to be divided between your reserves of health and
   magic.
   Str:       It affects your strength (+5).
   Int:       It affects your intelligence (+3).
   SInv:      It lets you see invisible.
   Fragile:   It will be destroyed if unequipped.
 o - the ring of the Hare (right hand) {EV+8}
   (You found it in a Gauntlet)

   [ring of evasion]

   EV:        It affects your evasion (+8).
 q - a +4 ring of evasion
 D - a ring of positive energy
 S - a +6 ring of strength (left hand)
 V - an amulet of the acrobat (around neck)
 Y - a ring of ice
 Z - a ring of fire
Wands
 t - a wand of digging (3)
 u - a wand of mindburst (20)
 v - a wand of flame (34)
 w - a wand of acid (27)
 x - a wand of iceblast (13)
 y - a wand of paralysis (11)
 z - a wand of polymorph (6)
Scrolls
 i - 3 scrolls of enchant armour
 m - a scroll of acquirement
 r - a scroll of identify
 E - 3 scrolls of amnesia
 R - a scroll of magic mapping {!r}
 T - 2 scrolls of teleportation
 U - a scroll of fear
 X - 4 scrolls of fog
Potions
 h - a potion of brilliance {unknown}
 p - a potion of degeneration {unknown}
 A - a potion of ambrosia
 B - a potion of attraction {!q}
 C - 3 potions of berserk rage {!q}
 F - 4 potions of curing
 G - 2 potions of flight
 H - 2 potions of haste
 I - 3 potions of invisibility
 J - 2 potions of heal wounds
 K - 3 potions of magic
 L - a potion of lignification {!q}
 M - a potion of mutation {!q}
 N - 4 potions of might


   Skills:
 + Level 15.9 Fighting
 * Level 14.9 Maces & Flails
 - Level 10.0 Armour
 - Level 5.0 Shields
 + Level 10.4 Invocations
 - Level 6.0 Evocations


You had 12 spell levels left.
You didn't know any spells.
Your spell library contained the following spells:

 Spells                   Type           Power      Damage    Failure   Level
 Magic Dart               Conj           0%         1d3       95%         1
 Pain                     Necr           0%         1d4       95%         1
 Mephitic Cloud           Conj/Pois/Air  0%         N/A       100%        3
 Agony                    Necr           0%         N/A       100%        5
 Excruciating Wounds      Necr           0%         N/A       100%        5
 Freezing Cloud           Conj/Ice/Air   0%         6-21      100%        5
 Polar Vortex             Ice            0%         N/A       100%        9
 Call Imp                 Summ           Unusable   N/A       N/A         2
 Simulacrum               Ice/Necr       Unusable   N/A       N/A         6

Dungeon Overview and Level Annotations

Branches:
Dungeon (12/15)            Temple (1/1) D:4            Lair (2/6) D:10
  Snake (0/4) Lair:2          Orc (0/2) D:10        Volcano (visited)
Gauntlet (visited)
  Swamp: Lair:2-4    Shoals: Lair:2-4

Altars:
Ashenzari
Dithmenos
Elyvilon
Fedhas
Gozag
Hepliaklqana
Kikubaaqudgha
Makhleb
Okawaru
Qazlal
Ru
Uskayaw
Vehumet
Xom
Yredelemnul

Shops:
D:6 *

Annotations:
D:11 2 exclusions, Harold


Innate Abilities, Weirdness & Mutations

You have a pair of horns on your head.
You reflexively headbutt those who attack you in melee.


Message History

The yak closely misses you.
You bludgeon the yak!! Your headbutt misses the yak.
The yak is almost dead.
The yak gores you.
* * * LOW HITPOINT WARNING * * *
You bludgeon the yak!!
You kill the yak!
Okawaru accepts your kill.
Training target 6.0 for Evocations reached!
Your Evocations skill increases to level 6!
You hit the elephant simulacrum but do no damage.
You headbutt the elephant simulacrum, but do no damage.
The elephant simulacrum tramples you!
* * * LOW HITPOINT WARNING * * *
You stumble backwards!
You bludgeon the elephant simulacrum!! You headbutt the elephant simulacrum!
The elephant simulacrum vaporises!
Okawaru accepts your kill.
You hear the steady crackling of a very distant melting archway.
You see here a rime drake corpse.
A bog body comes into view.
You see here a rime drake corpse.
You enter the shallow water.
Moving in this stuff is going to be slow.
The bog body gestures at you while chanting.
You resist with significant effort.
The bog body points at you and mumbles some strange words.
The bolt of cold misses you.
The bog body points at you and mumbles some strange words.
The bolt of cold hits you!
* * * LOW HITPOINT WARNING * * *
The bog body completely misses you.
You puncture the bog body! You headbutt the bog body!
The bog body is severely damaged.
You closely miss the bog body.
The bog body is severely damaged.
The bog body touches you!
* * * LOW HITPOINT WARNING * * *
The bog body freezes you!
You die...

##.........##****,*
#...........#,*,**,
###..........,,,,,,
#...........,,,,,*
###...........,,,,,*
#.###.........,,,,,,
##.#..........,,,*,, ###
#..#...........,,,*,
##.####.@......#.....,***
#...##...n.........P.** *
##.....#.............#* *
#....................## *
##...P#...............####
#....................≈≈≈≈
##P...............≈≈≈≈≈≈≈
##............≈≈≈≈≈≈≈≈≈≈
#......#..≈≈≈≈≈≈≈≈≈≈≈≈≈.


You could see a bog body.

Vanquished Creatures
  A minotaur (Gauntlet)
  Erolcha (D:10)
  4 hydras
  2 boulder beetles (D:12)
  A catoblepas (Gauntlet)
  A centaur warrior (Volcano)
  8 two-headed ogres
  Sonja (D:10)
  An orange crystal statue (D:11)
  2 cyclopes
  4 ugly things
  A manticore (D:12)
  2 molten gargoyles (Gauntlet)
  2 gargoyles
  5 cane toads
  An unseen horror (D:11)
  A komodo dragon (D:10)
  4 yaktaurs (Volcano)
  Maggie (D:6)
  A rime drake (Lair:2)
  An efreet (Gauntlet)
  5 trolls
  2 polar bears
  A shadow (D:10)
  2 wraiths
  3 fire elementals (Gauntlet)
  41 yaks
  A human (D:7)
  A steam dragon (D:8)
  A basilisk (Lair:2)
  4 nagas (Lair:2)
  An acid dragon (D:12)
  3 water moccasins
  3 hell hounds (Gauntlet)
  5 orc warriors
  4 necrophages (D:4)
  6 wolves
  An ogre (D:10)
  7 centaurs
  A kobold brigand (D:7)
  A phantom (D:5)
  9 bullfrogs
  2 scorpions
  2 water moccasin zombies (D:5)
  3 water moccasin skeletons
  An elephant simulacrum (Lair:2)
  5 killer bees (D:9)
  6 centaur zombies
  2 jellies (D:3)
  10 orc priests
  2 hounds
  Jessica (D:3)
  2 iguanas
  Ijyb (D:5)
  Natasha (thrice) (D:4)
  8 orc wizards
  A spriggan simulacrum (Lair:2)
  A killer bee zombie (D:4)
  A hound zombie (D:4)
  2 hound skeletons (D:4)
  A howler monkey zombie (D:6)
  A howler monkey skeleton (D:6)
  3 adders
  A shadow imp (D:6)
  11 white imps (Lair:2)
  2 ufetubi
  An adder zombie (D:4)
  2 adder skeletons (D:4)
  2 worms
  2 dart slugs
  72 orcs
  7 ball pythons
  9 endoplasms
  2 giant cockroaches
  5 hobgoblins
  10 jackals
  14 kobolds
  9 quokkas
  5 bats
  4 frilled lizards
  6 goblins
  A goblin skeleton (D:7)
  3 rats
373 creatures vanquished.

Vanquished Creatures (others)
  An orc (D:10)
  A bush (D:4)
  18 fungi
  17 plants
  A withered plant (Gauntlet)
38 creatures vanquished.

Grand Total: 411 creatures vanquished

Notes
Turn   | Place    | Note
-------+----------+-------------------------------------------
     0 | D:1      | wakim the Minotaur Fighter began the quest for the Orb.
     0 | D:1      | Reached XP level 1. HP: 19/19 MP: 0/0
   229 | D:1      | Reached XP level 2. HP: 25/27 MP: 1/1
   619 | D:1      | Reached skill level 4 in Fighting
   638 | D:1      | Reached XP level 3. HP: 33/33 MP: 2/2
  1046 | D:2      | Found a faded altar of an unknown god.
  1213 | D:2      | Reached XP level 4. HP: 12/40 MP: 3/3
  2087 | D:3      | Noticed Jessica
  2090 | D:3      | Killed Jessica
  2091 | D:3      | Reached XP level 5. HP: 47/47 MP: 4/4
  2092 | D:3      | !bestwep
  2621 | D:3      | !bestwep
  2859 | D:4      | Found an opulent altar of Gozag.
  2881 | D:4      | Reached skill level 5 in Maces & Flails
  2894 | D:3      | Reached skill level 5 in Fighting
  2894 | D:3      | Reached XP level 6. HP: 34/56 MP: 5/5
  2907 | D:4      | Noticed Natasha
  3176 | D:4      | Killed Natasha
  3177 | D:4      | Reached skill level 5 in Shields
  3207 | D:4      | Reached skill level 5 in Armour
  3258 | D:4      | !bestwep
  3323 | D:4      | Noticed Natasha
  3329 | D:4      | Killed Natasha
  3417 | D:4      | Found a blossoming altar of Fedhas.
  3507 | D:4      | Noticed Natasha
  3517 | D:4      | Killed Natasha
  3531 | D:4      | Found a staircase to the Ecumenical Temple.
  3540 | Temple   | Entered the Ecumenical Temple
  3627 | Temple   | Became a worshipper of Warmaster Okawaru
  3815 | D:4      | !bestwep
  3888 | D:4      | Reached skill level 6 in Fighting
  3888 | D:4      | Reached XP level 7. HP: 63/63 MP: 6/6
  3905 | D:4      | Reached * piety under Okawaru
  3975 | D:5      | Entered Level 5 of the Dungeon
  3999 | D:5      | Found a burning altar of Makhleb.
  4046 | D:5      | Reached skill level 7 in Fighting
  4143 | D:5      | Found a shadowy altar of Dithmenos.
  4191 | D:5      | Reached skill level 1 in Invocations
  4199 | D:5      | Reached XP level 8. HP: 68/73 MP: 6/8
  4402 | D:5      | Reached ** piety under Okawaru
  4593 | D:5      | Noticed Ijyb
  4600 | D:5      | Killed Ijyb
  4925 | D:6      | Noticed Maggie
  4939 | D:6      | Killed Maggie
  5304 | D:6      | Found Visiw's Assorted Antiques.
  5590 | D:6      | Reached skill level 8 in Fighting
  5939 | D:7      | Found a white marble altar of Elyvilon.
  5944 | D:7      | Reached *** piety under Okawaru
  5945 | D:7      | Reached XP level 9. HP: 70/81 MP: 11/11
  6033 | D:7      | Reached skill level 5 in Invocations
  6385 | D:7      | Found a runed translucent door.
  6392 | D:7      | Found a basalt altar of Yredelemnul.
  6711 | D:8      | Noticed a two-headed ogre
  6720 | D:7      | Killed a two-headed ogre
  6720 | D:7      | Reached **** piety under Okawaru
  6721 | D:7      | Reached skill level 10 in Maces & Flails
  6753 | D:8      | Identified a scroll of acquirement
  6753 | D:8      | Acquired a +2 eveningstar of venom
  6757 | D:8      | !bestwep
  7239 | D:8      | Reached skill level 9 in Fighting
  7284 | D:8      | Identified the +1 leather armour of Otwih {rF- SInv Stlth+}
  7502 | D:8      | Noticed an eight-headed hydra
  7510 | D:8      | Killed an eight-headed hydra
  7511 | D:8      | Reached XP level 10. HP: 87/91 MP: 5/14
  7752 | D:9      | Identified the +9 long sword "Killer Bee's Doom" {drain,
                  | rC+}
  8025 | D:9      | Found a hazy altar of Hepliaklqana.
  8030 | D:9      | Found a sacrificial altar of Ru.
  8033 | D:9      | Found a hide-covered altar of Uskayaw.
  8773 | D:9      | Reached skill level 10 in Fighting
  9059 | D:10     | Entered Level 10 of the Dungeon
  9075 | D:10     | Noticed a two-headed ogre
  9165 | D:9      | Killed a two-headed ogre
  9165 | D:9      | Reached ***** piety under Okawaru
  9458 | D:10     | Noticed a two-headed ogre
  9466 | D:10     | Killed a two-headed ogre
  9467 | D:10     | Reached skill level 11 in Fighting
  9547 | D:10     | Noticed Sonja
  9569 | D:10     | Killed Sonja
  9902 | D:10     | Reached XP level 11. HP: 99/104 MP: 16/16
 10029 | D:10     | Reached skill level 12 in Fighting
 10084 | D:10     | Found a staircase to the Orcish Mines.
 10663 | D:10     | Found a broken altar of Ashenzari.
 10740 | D:10     | Noticed Erolcha
 10755 | D:10     | Killed Erolcha
 10839 | D:10     | Found a staircase to the Lair.
 11295 | D:11     | Reached skill level 13 in Fighting
 11365 | D:11     | Noticed a two-headed ogre
 11374 | D:11     | Killed a two-headed ogre
 11374 | D:11     | Identified the +12 great mace of Ipnaxtic {vorpal, Fly
                  | rCorr Str-5 Dex+3} (Okawaru gifted it to you on level 11 of
                  | the Dungeon)
 11374 | D:11     | Received a gift from Okawaru
 11375 | D:11     | Noticed an orange crystal statue
 11448 | D:11     | Noticed a two-headed ogre
 11453 | D:11     | Killed a two-headed ogre
 11454 | D:11     | Reached skill level 14 in Fighting
 11724 | D:11     | Noticed a two-headed ogre
 11801 | D:11     | Noticed a two-headed ogre
 11818 | D:10     | Killed a two-headed ogre
 11824 | D:10     | Killed a two-headed ogre
 11825 | D:10     | Reached skill level 1 in Evocations
 12170 | D:11     | Noticed a two-headed ogre
 12178 | D:11     | Killed a two-headed ogre
 12752 | D:11     | Killed an orange crystal statue
 12819 | D:11     | Noticed a white ugly thing
 12821 | D:11     | Noticed a red ugly thing
 12829 | D:11     | Killed a red ugly thing
 12830 | D:11     | Reached XP level 12. HP: 118/118 MP: 17/17
 12857 | D:11     | Noticed Harold
 12964 | D:12     | Found an ancient bone altar of Kikubaaqudgha.
 12995 | D:12     | Reached ****** piety under Okawaru
 13000 | D:12     | Found a gate leading to a gauntlet.
 13019 | Gauntlet | Entered a Gauntlet
 13019 | Gauntlet | Found a transporter.
 13019 | Gauntlet | Found a large runed translucent door.
 13019 | Gauntlet | Found a large runed translucent door.
 13019 | Gauntlet | Found a large runed translucent door.
 13019 | Gauntlet | Found a large runed translucent door.
 13019 | Gauntlet | Found a large runed translucent door.
 13019 | Gauntlet | Found a large runed translucent door.
 13019 | Gauntlet | Found a runed translucent door.
 13019 | Gauntlet | Found a runed translucent door.
 13019 | Gauntlet | Found a large runed translucent door.
 13019 | Gauntlet | Found a large runed translucent door.
 13019 | Gauntlet | Found a large runed translucent door.
 13019 | Gauntlet | Found a large runed translucent door.
 13019 | Gauntlet | Found a large runed translucent door.
 13019 | Gauntlet | Found a large runed translucent door.
 13032 | Gauntlet | Found a large runed translucent door.
 13032 | Gauntlet | Found a large runed translucent door.
 13032 | Gauntlet | Found a large runed translucent door.
 13033 | Gauntlet | Noticed a catoblepas
 13034 | Gauntlet | Found a transporter.
 13034 | Gauntlet | Found a runed translucent gate.
 13034 | Gauntlet | Found a runed translucent gate.
 13034 | Gauntlet | Found a runed translucent gate.
 13047 | Gauntlet | Found a transporter.
 13048 | Gauntlet | Found the ring of the Hare {EV+8}
 13050 | Gauntlet | Found a transporter.
 13061 | Gauntlet | Found a transporter.
 13081 | Gauntlet | Found a transporter.
 13094 | Gauntlet | Found a transporter.
 13101 | Gauntlet | Found a transporter.
 13102 | Gauntlet | Found a transporter.
 13105 | Gauntlet | Found a transporter.
 13106 | Gauntlet | Found a transporter.
 13108 | Gauntlet | Found a large runed translucent door.
 13110 | Gauntlet | Found a runed translucent door.
 13114 | Gauntlet | Found a transporter.
 13119 | Gauntlet | Noticed a reaper
 13121 | Gauntlet | Found a runed translucent door.
 13243 | Gauntlet | Killed a catoblepas
 13246 | Gauntlet | Identified the +3 eveningstar of Xyekkoosi {vorpal, *Noise
                  | rF++ Dex+3 Stlth+} (Okawaru gifted it to you in a Gauntlet)
 13246 | Gauntlet | Received a gift from Okawaru
 13262 | Gauntlet | !bestwep
 13459 | Gauntlet | Identified the +2 cloak of Mysticism {rCorr Str-4 Int+8
                  | Dex+6}
 13471 | Gauntlet | Identified the +7 chain mail of Too Many Cooks {Str+2}
 13471 | Gauntlet | Noticed a minotaur
 13486 | Gauntlet | Killed a minotaur
 13820 | Gauntlet | Identified the amulet "Utuimnes" {Spirit Fragile Str+5
                  | Int+3 SInv}
 13832 | D:12     | Noticed a boulder beetle
 13842 | D:12     | Killed a boulder beetle
 13843 | D:12     | Reached skill level 15 in Fighting
 13900 | D:12     | Noticed a boulder beetle
 13918 | D:12     | Killed a boulder beetle
 13921 | D:12     | Identified the +5 battleaxe of Sunlight {antimagic, rPois
                  | rCorr Dex+2} (Okawaru gifted it to you on level 12 of the
                  | Dungeon)
 13921 | D:12     | Received a gift from Okawaru
 14056 | D:12     | Identified the amulet "Zaucsuar" {Spirit -Tele Rampage rN++
                  | Str-2}
 14167 | Lair:1   | Entered Level 1 of the Lair of Beasts
 14202 | Lair:1   | Reached skill level 5 in Evocations
 14732 | Lair:1   | !bestwep
 14786 | Lair:1   | Noticed a five-headed hydra
 14794 | Lair:1   | Killed a five-headed hydra
 15065 | Lair:1   | Reached skill level 10 in Invocations
 15176 | Lair:1   | Reached XP level 13. HP: 127/127 MP: 19/19
 15421 | Lair:2   | Received a gift from Okawaru
 15448 | Lair:2   | !bestwep
 15472 | Lair:2   | Found a staircase to the Snake Pit.
 15615 | Lair:2   | Found a dark tunnel.
 15658 | Volcano  | Entered a volcano
 15783 | Lair:2   | Reached skill level 10 in Armour
 15822 | Lair:2   | HP: 3/128 [bog body (8)]
 15822 | Lair:2   | Mangled by a bog body

Illustrated notes #.#.# #.#.# #####.#.###### ####......<.....# #.............#.# #.##.###.#.##.#.# #.#........##.#.## #.#...##.####....#####.# ##.......[###...@.......# ............#.....###### ##........†....#.## #.#...####.##.#.# #.#...####.##.#.### #.##......##..##..## #.........#........## ......#####..........# ####### #......>....# Turn 2092 on D:3: !bestwep .. ### #####.# #.. #..)..#############.# .######.#####.............# ..........@...############# ........####### ######### Turn 2621 on D:3: !bestwep

*,,,***,,,,,,,* #.......#........
*,,,,****,,,,,###.......#........
,,,,,,,,,,_,,,*........#.........
,,**,****,,,,,**#......#.........
,,,,***,,,,,,,* *#.....##.....#..
,,,,,,*,,,,,,,####......#)....#..
,,,,*,*,,,,,,##..................
,,,,,,**######...................
,,*,,**##.......@.#.....#........
,*,*** #.........##....###(......
,,,* ###...##....#...............
,,** #...........................
*** #.....##...#..#............#
##.#.......#...[#..........,
#..............#*,,,,,,,,,,
#...#.##.......#*,*,,,,,*,,
##.#####......##*****,,,**,


Turn 3258 on D:4: !bestwep .........##.........# ....#...###........##
...##....#........### ...............)....## ........##.#.........#
............<........## ..................##..## ###..........#...<.....#
.............#..@......# ....................#### ....................#
...............###### .................#.>## .....................#
.....................## ................###...# .....................## Turn
3815 on D:4: !bestwep ..# ..# ..####### #........ +........ #..)..... #........
#@....... #........ #........ ######### Turn 6757 on D:8: !bestwep #########
#≈#≈#§#≈################ §........#§#≈#≈#≈#≈#§#≈## ..8..∩...§§............≈#
..©......8.....8.....8.## ########.......©.......≈# +.©.+..#...#########...##
+...+..#...#.##....#..§§# #+#+#++#...#..##@.##...## +...+..#...#)).#.###...§#
+...+..#.8.#©##.##.#.8.## #...#++#...###.#...#...≈# #+++#.h#...##?.##..#..§##
..8...h#...#.=!©##.#..§≈# ?[©.!..#...#########...## ########.....#.©.#.....≈#
#.©.#....8...#.8.#...8.## Turn 13262 on Gauntlet: !bestwep ##.# #.........#
##.†.....# ### ##+######## ###..#### ##....## #+ #......# ... #####......# ....
#..........# ..... ##...#......+ =.....##..###......# .......@.## #......#
.....+.### #......# ... ..# ###+##..# # +.# ### #.. ... ..# .# Turn 14732 on
Lair:1: !bestwep ## #P......... $.. ##.###........... ...##.#..#...........
.......#......}>...# ...................# ..................#
................P.# .................## ......#††@.#..#...# #..†.#..#.†##.#
.........#####†..##### .....#P^## ##...
